 Dungeon Sprint DCSS version 0.27-a0-103-g6cd7b45605 (webtiles) character file.

Game seed: 1715184035876404892

263170 mhtbhm the Gargoyle Barricade (level 18, 0/145 HPs)
             Began as a Gargoyle Fighter on Jan 23, 2021.
             Was an Initiate of Gozag.
             Slain by a hell knight
             ... wielding a +2 glaive of flaming
             ... led by Margery
              (3 damage)
             ... in the Dungeon (Sprint IX: "|||||||||||||||||||||||||||||").
             The game lasted 00:18:05 (9052 turns).

mhtbhm the Gargoyle Barricade (Gargoyle Fighter)    Turns: 9052, Time: 00:18:07

Health: 0/145      AC: 21    Str: 28    XL:     18   Next: 19%
Magic:  18/18      EV: 17    Int: 16    God:    Gozag
Gold:   22141      SH: 32    Dex: 12    Spells: 17/17 levels left

rFire    + . .     SeeInvis +   a - +2 morningstar (vorpal)
rCold    + . .     Faith    .   c - +0 tower shield {rN+}
rNeg     + + .     Spirit   .   (no armour)
rPois    ∞         Reflect  +   w - +0 helmet
rElec    +         Harm     .   p - +0 cloak {Will+}
rCorr    .         Rampage  .   o - +0 pair of gloves
Will     ++++.     NoTele   +   r - +0 pair of boots {run}
Stlth    ++++......             O - amulet of Ceasuor {Reflect *Corrode Int+7 SH+5}
HPRegen  0.34/turn              K - ring of Faallo {rPois rF+ Will++ Dex+3}
MPRegen  0.16/turn              I - ring "Biqegyas" {Wiz rC+ SInv}

@: gold aura, quick
A: big wings, negative energy resistance 1, electricity resistance, unbreathing,
petrification resistance, miasma immunity, AC +13
}: 5/17 runes: decaying, serpentine, barnacled, silver, gossamer
a: Fly, Renounce Religion, Potion Petition, Call Merchant, Bribe Branch


You were in the Dungeon.
You worshipped Gozag.
Gozag was extremely pleased with you.
You visited 1 branch You collected 30167 gold pieces.
You spent 5996 gold pieces at shops.
You paid 2030 gold pieces to Gozag.

Inventory:

Hand Weapons
 a - a +2 vorpal morningstar (weapon)
 q - a +1 morningstar of holy wrath
 H - the +8 demon blade "Leech" {vamp, *Rage +Rage rN+}
   (You bought it in a shop in the Dungeon)

   It inflicts no extra harm, but heals its wielder when it wounds a living foe.
   It protects you from negative energy.
   It lets you go berserk.
   It may make you go berserk in combat.
 J - a +4 eudemon blade of holy wrath
Missiles
 n - 71 javelins
 y - 56 silver javelins (quivered)
Armour
 c - a +0 tower shield of positive energy (worn)
 o - a +0 pair of gloves (worn)
 p - a +0 cloak of willpower (worn)
 r - a +0 pair of boots of running (worn)
 w - a +0 helmet (worn)
 D - a +2 plate armour of positive energy
 R - the +15 Maxwell's patent armour {-Cast -Tele rElec Will+ rCorr}
   (You found it in the Dungeon)

   It insulates you from electricity.
   It affects your willpower, your defense against some magical effects.
   It prevents spellcasting.
   It prevents most forms of teleportation.
   It provides partial protection from all sources of acid and corrosion.
Jewellery
 v - the amulet "Iluv" {Spirit +Blink rF++ Str+3 Int-3}
   (You found it in the Dungeon)

   [amulet of guardian spirit]

   It causes incoming damage to be split between your health and magic.
   It affects your strength (+3).
   It affects your intelligence (-3).
   It greatly protects you from fire.
   It lets you blink.
 I - the ring "Biqegyas" (right hand) {Wiz rC+ SInv}
   (You took it off an ogre mage in the Dungeon)

   [ring of wizardry]

   It improves your spell success rate.
   It protects you from cold.
   It lets you see invisible.
 K - the ring of Faallo (left hand) {rPois rF+ Will++ Dex+3}
   (You bought it in a shop in the Dungeon)

   [ring of poison resistance]

   It affects your dexterity (+3).
   It protects you from fire.
   It protects you from poison.
   It affects your willpower, your defense against some magical effects.
 L - the cursed necklace of Bloodlust {*Rage +Rage Will++ Int-3 Slay+6 *Curse}
   (You bought it in a shop in the Dungeon)

   [amulet of nothing]

   It affects your intelligence (-3).
   It affects your accuracy and damage with ranged weapons and melee attacks
   (+6).
   It affects your willpower, your defense against some magical effects.
   It lets you go berserk.
   It may make you go berserk in combat.
   It curses itself when equipped.
   It has a curse placed upon it.
 N - the ring of Efur {+Inv rElec rC+ rN+ Stlth-}
   (You found it in the Dungeon)

   [ring of attention]

   It protects you from cold.
   It insulates you from electricity.
   It protects you from negative energy.
   It lets you turn invisible.
   It makes you less stealthy.
 O - the amulet of Ceasuor (around neck) {Reflect *Corrode Int+7 SH+5}
   (You found it in the Dungeon)

   [amulet of reflection]

   It shields you and reflects attacks.
   It affects your intelligence (+7).
   It may corrode you when you take damage.
   It affects your SH (+5).
Wands
 G - a wand of flame (21)
Scrolls
 j - 7 scrolls of blinking
 l - 4 scrolls of remove curse
 m - 2 scrolls of amnesia
 s - 5 scrolls of enchant armour
 t - 5 scrolls of identify
 u - 6 scrolls of enchant weapon
 C - 4 scrolls of fog
 F - 4 scrolls of fear
Potions
 d - 4 potions of might
 e - 7 potions of curing
 f - 12 potions of heal wounds
 g - 6 potions of haste
 h - 9 potions of magic
 i - 4 potions of berserk rage
 k - 2 potions of invisibility
 z - a potion of resistance
 A - 6 potions of mutation
 B - 2 potions of attraction
 E - 2 potions of brilliance


   Skills:
 O Level 27 Fighting
 O Level 27 Maces & Flails
 * Level 16.2 Throwing
 + Level 23.6 Armour
 + Level 9.2 Dodging
 - Level 10.7 Stealth
 O Level 27 Shields
 + Level 4.1 Evocations


You had 17 spell levels left.
You didn't know any spells.
Your spell library contained the following spells:

 Spells                   Type           Power        Failure   Level
 Animate Skeleton         Necr           0%           11%         1
 Corona                   Hex            0%           11%         1
 Slow                     Hex            0%           16%         2
 Inner Flame              Hex/Fire       0%           28%         3
 Portal Projectile        Hex/Tloc       0%           28%         3
 Vampiric Draining        Necr           0%           28%         3
 Cause Fear               Hex            0%           65%         4
 Leda's Liquefaction      Hex/Erth       0%           65%         4
 Summon Ice Beast         Ice/Summ       0%           65%         4
 Summon Lightning Spire   Summ/Air       0%           65%         4
 Bolt of Magma            Conj/Fire/Erth 0%           93%         5
 Borgnjor's Vile Clutch   Necr/Erth      0%           93%         5
 Irradiate                Conj/Tmut      0%           93%         5
 Simulacrum               Ice/Necr       0%           100%        6
 Sublimation of Blood     Necr           Unusable     N/A         2

Dungeon Overview and Level Annotations

Branches:
Dungeon (1/1)

Altars:
Cheibriados
Dithmenos
Elyvilon
Fedhas
Gozag
Hepliaklqana
Kikubaaqudgha
Makhleb
Nemelex Xobeh
Okawaru
Qazlal
Ru
Sif Muna
Trog
Uskayaw
Vehumet
Wu Jian
Xom
Yredelemnul
Zin
The Shining One
Beogh
Jiyva
Lugonu

Shops:
D **=[!(


Innate Abilities, Weirdness & Mutations

You are resistant to torment.
Your stone body is resilient. (AC +13)
You are immune to poison.
Your large and strong wings let you fly indefinitely.
You resist negative energy. (rN+)
You are resistant to electric shocks. (rElec)
You can survive without breathing.
You are immune to petrification.
You are immune to miasma.


Message History

You kill the hell knight!
Unknown command.
You feel better. You block the hell knight's attack. x2
You crush the hell knight like a grape!!!
You kill the hell knight!
You block the hell knight's attack.
Items here: $ )))) [[[[[.
You hit the hell knight.
The hell knight is lightly wounded.
The hell knight misses you.
You impale the hell knight!!
The hell knight is severely wounded.
You block the hell knight's attack.
You barely miss the hell knight.
The hell knight is severely wounded.
The hell knight hits you with a +2 glaive of flaming!!
* * * LOW HITPOINT WARNING * * *
The hell knight burns you.
You die...
Your body crumbles into a pile of gold.

,,,,,,,,,,,,,,,,,,,,,,,,,,,,,,,,,
*********************************
,,,,,,,,,+,,,,,,,,+,+,+,+,,,,,,,,
*********************************
,,,,,,,,,,,,,,,,,,,,,,,,,,,,,,,,,
*********************************
,,+,,,,,,,,,,,,+,,,,,,,+,,,,,,,,+
********▓▓▓▓▓▓▓▓▓▓▓▓▓▓▓▓▓▓▓▓▓▓▓▓▓
,,,,,,,p@.....pp@.$......[.......
▓▓▓▓▓▓▓▓▓▓▓▓▓▓▓▓▓▓▓▓▓▓▓▓▓▓▓▓▓▓▓▓▓
.........)))))))...[.[[[[[.......
▓▓▓▓▓▓▓▓▓▓▓▓▓▓▓▓▓▓▓▓▓▓▓▓▓▓▓▓▓▓▓▓▓
.................................
▓▓▓▓▓▓▓▓▓▓▓▓▓▓▓▓▓▓▓▓▓▓▓▓▓▓▓▓▓▓▓▓▓
)))))))).....).))).......'))))())
▓▓▓▓▓▓▓▓▓▓▓▓▓▓▓▓▓▓▓▓▓▓▓▓▓▓▓▓▓▓▓▓▓
.................................


You could see 2 hell knights.

Vanquished Creatures
  Mennas (D)
  Sojobo (D)
  Boris (D)
  Margery (D)
  Saint Roka (D)
  A golden dragon (D)
  Nikola (D)
  Jory (D)
  A tentacled monstrosity (D)
  2 quicksilver dragons (D)
  A lich (D)
  Agnes (D)
  Frances (D)
  6 shadow dragons (D)
  2 tengu reavers (D)
  4 nagarajas (D)
  Ilsuiw (D)
  A fenstrider witch (D)
  2 fire giants (D)
  3 ghost moths (D)
  4 vault wardens (D)
  5 emperor scorpions (D)
  2 ironheart preservers (D)
  5 stone giants (D)
  A very ugly thing (D)
  3 bunyips (D)
  2 dire elephants (D)
  Nessos (D)
  2 entropy weavers (D)
  Snorg (D)
  2 eleionomae (D)
  8 merfolk javelineers (D)
  A great orb of eyes (D)
  3 merfolk impalers (D)
  2 fire dragons (D)
  A fire dragon (shapeshifter) (D)
  An ice dragon (D)
  A boulder beetle (D)
  4 yaktaur captains (D)
  25 vault guards (D)
  10 hydras (D)
  2 rakshasas (D)
  3 naga warriors (D)
  A spriggan air mage (D)
  3 centaur warriors (D)
  A merfolk aquamancer (D)
  3 ogre magi (D)
  A death knight (D)
  Erica (D)
  A two-headed ogre (D)
  A deep troll shaman (D)
  An orc high priest (D)
  Nergalle (D)
  A shock serpent (D)
  3 hell knights (D)
  2 unseen horrors (D)
  A sea snake (D)
  A deep troll (D)
  7 swamp dragons (D)
  A naga ritualist (D)
  A bog body (D)
  2 necromancers (D)
  An ironbrand convoker (D)
  3 orc sorcerers (D)
  6 orc knights (D)
  4 ugly things (D)
  A deep elf mage (D)
  6 wolf spiders (D)
  A manticore (D)
  A mana viper (D)
  3 moths of wrath (D)
  6 elephants (D)
  Maurice (D)
  2 guardian serpents (D)
  Joseph (D)
  3 naga magi (D)
  4 vault sentinels (D)
  2 black mambas (D)
  3 cane toads (D)
  A demonic crawler (D)
  2 yaktaurs (D)
  2 freezing wraiths (D)
  3 merfolk (D)
  A jumping spider (D)
  A troll (D)
  A tyrant leech (D)
  A hornet (D)
  A slime creature (D)
  2 snapping turtles (D)
  4 blink frogs (D)
  A vampire (D)
  2 redbacks (D)
  A spriggan (shapeshifter) (D)
  A tarantella (D)
  A wraith (D)
  2 water elementals (D)
  Eustachio (D)
  A wyvern (D)
  2 yaks (D)
  A vampire mosquito (D)
  4 nagas (D)
  A warg (shapeshifter) (D)
  3 water moccasins (D)
  A swamp drake (D)
  10 orc warriors (D)
  A black bear (D)
  A centaur (D)
  2 bullfrogs (D)
  A scorpion (D)
  2 hounds (D)
  6 orc priests (D)
  3 orc wizards (D)
  An ufetubus (D)
  An adder zombie (D)
  2 adder skeletons (D)
  19 orcs (D)
  A bat (D)
  2 giant cockroaches (D)
  A frilled lizard (D)
  A giant cockroach zombie (D)
  A goblin (D)
  A leopard gecko zombie (D)
  3 quokka skeletons (D)
303 creatures vanquished.

Vanquished Creatures (others)
  A merfolk aquamancer (D)
  A naga (D)
2 creatures vanquished.

Grand Total: 305 creatures vanquished

Notes
Turn   | Place    | Note
-------+----------+-------------------------------------------
     0 | D        | mhtbhm the Gargoyle Fighter began the quest for the Orb.
     0 | D        | Reached XP level 1. HP: 14/14 MP: 1/1
   198 | D        | Noticed a scorpion
   210 | D        | Killed a scorpion
   211 | D        | Reached skill level 5 in Fighting
   211 | D        | Reached skill level 5 in Armour
   211 | D        | Reached skill level 5 in Shields
   211 | D        | Reached XP level 2. HP: 21/21 MP: 2/2
   211 | D        | Reached XP level 3. HP: 26/26 MP: 3/3
   220 | D        | Reached XP level 4. HP: 29/31 MP: 4/4
   335 | D        | Found a roughly hewn altar of Beogh.
   335 | D        | Found a snail-covered altar of Cheibriados.
   335 | D        | Found a shadowy altar of Dithmenos.
   335 | D        | Found a white marble altar of Elyvilon.
   335 | D        | Found a blossoming altar of Fedhas.
   335 | D        | Found an opulent altar of Gozag.
   336 | D        | Found a hazy altar of Hepliaklqana.
   337 | D        | Found a viscous altar of Jiyva.
   338 | D        | Found an ancient bone altar of Kikubaaqudgha.
   339 | D        | Found a corrupted altar of Lugonu.
   340 | D        | Found a burning altar of Makhleb.
   341 | D        | Found a sparkling altar of Nemelex Xobeh.
   342 | D        | Found an iron altar of Okawaru.
   343 | D        | Became a worshipper of Gozag Ym Sagoz the Greedy
   344 | D        | Found a stormy altar of Qazlal.
   345 | D        | Found a sacrificial altar of Ru.
   346 | D        | Found a shimmering blue altar of Sif Muna.
   347 | D        | Found a bloodstained altar of Trog.
   348 | D        | Found a hide-covered altar of Uskayaw.
   349 | D        | Found a radiant altar of Vehumet.
   350 | D        | Found an ornate altar of the Wu Jian Council.
   351 | D        | Found a shimmering altar of Xom.
   352 | D        | Found a basalt altar of Yredelemnul.
   353 | D        | Found a glowing silver altar of Zin.
   354 | D        | Found a glowing golden altar of the Shining One.
   407 | D        | Noticed a wraith
   407 | D        | Noticed a troll
   407 | D        | Noticed a centaur
   407 | D        | Noticed a black bear
   421 | D        | Killed a centaur
   421 | D        | Killed a black bear
   422 | D        | Reached XP level 5. HP: 31/38 MP: 5/5
   422 | D        | Reached XP level 6. HP: 35/44 MP: 6/6
   422 | D        | Killed a wraith
   429 | D        | Killed a troll
   430 | D        | Reached XP level 7. HP: 31/50 MP: 7/7
   661 | D        | Noticed a yak
   661 | D        | Noticed a two-headed ogre
   661 | D        | Noticed a vampire
   661 | D        | Noticed a deep elf mage
   667 | D        | Killed a yak
   668 | D        | Reached skill level 1 in Evocations
   675 | D        | Killed a deep elf mage
   676 | D        | Reached skill level 10 in Maces & Flails
   676 | D        | Reached XP level 8. HP: 39/56 MP: 8/8
   678 | D        | Killed a two-headed ogre
   679 | D        | Reached skill level 10 in Fighting
   679 | D        | Reached skill level 10 in Armour
   679 | D        | Reached XP level 9. HP: 17/62 MP: 9/9
   684 | D        | Reached skill level 10 in Shields
   954 | D        | Noticed Erica
   969 | D        | Killed Erica
   988 | D        | Noticed Joseph
  1005 | D        | Killed Joseph
  1216 | D        | Noticed a cane toad
  1216 | D        | Noticed a seven-headed hydra
  1216 | D        | Noticed a five-headed hydra
  1216 | D        | Noticed a cane toad
  1219 | D        | Killed a cane toad
  1224 | D        | Killed a seven-headed hydra
  1225 | D        | Reached skill level 5 in Dodging
  1225 | D        | Reached XP level 10. HP: 61/70 MP: 10/10
  1229 | D        | Killed a five-headed hydra
  1235 | D        | Killed a cane toad
  1445 | D        | Noticed a five-headed hydra
  1448 | D        | Noticed a cane toad
  1452 | D        | Reached skill level 15 in Maces & Flails
  1452 | D        | Noticed a six-headed hydra
  1462 | D        | Killed a five-headed hydra
  1463 | D        | Reached XP level 11. HP: 77/78 MP: 11/11
  1470 | D        | Killed a six-headed hydra
  1569 | D        | Noticed a dire elephant
  1570 | D        | Noticed a dire elephant
  1577 | D        | Killed a dire elephant
  1595 | D        | HP: 1/79 [dire elephant (23)]
  1601 | D        | Killed a dire elephant
  1958 | D        | Reached skill level 1 in Stealth
  2052 | D        | Noticed an orc knight
  2052 | D        | Noticed an orc high priest
  2073 | D        | Killed an orc knight
  2091 | D        | Killed an orc high priest
  2092 | D        | Reached skill level 15 in Fighting
  2092 | D        | Reached XP level 12. HP: 56/87 MP: 12/12
  2330 | D        | Found Roppupni's Assorted Antiques.
  2339 | D        | Found Fiats's General Store.
  2354 | D        | Found Zamonag's Antique Armour Emporium.
  2371 | D        | Found Peshrepp's Distillery.
  2490 | D        | Bought a scroll of enchant armour for 75 gold pieces
  2490 | D        | Bought a scroll of identify for 20 gold pieces
  2490 | D        | Bought an uncursed amulet of reflection for 300 gold pieces
  2494 | D        | Bought a potion of heal wounds for 55 gold pieces
  2494 | D        | Bought a potion of heal wounds for 55 gold pieces
  2494 | D        | Bought a potion of heal wounds for 55 gold pieces
  2494 | D        | Bought a potion of might for 44 gold pieces
  2494 | D        | Bought a potion of invisibility for 88 gold pieces
  2494 | D        | Bought a potion of resistance for 110 gold pieces
  2494 | D        | Bought 2 potions of mutation for 176 gold pieces
  2501 | D        | Bought a glowing morningstar for 147 gold pieces
  2505 | D        | Bought a scroll of magic mapping for 73 gold pieces
  2505 | D        | Bought an inky potion for 18 gold pieces
  2505 | D        | Bought a scroll of identify for 42 gold pieces
  2520 | D        | Bought a potion of curing for 33 gold pieces
  2520 | D        | Bought a potion of curing for 33 gold pieces
  2730 | D        | Noticed a boulder beetle
  2732 | D        | Noticed a death knight
  2757 | D        | Noticed a deep troll shaman
  2763 | D        | Killed a death knight
  2779 | D        | Killed a deep troll shaman
  2788 | D        | Killed a boulder beetle
  2814 | D        | Reached skill level 15 in Shields
  2947 | D        | Noticed a red very ugly thing
  2948 | D        | Noticed a stone giant
  2949 | D        | Noticed a rakshasa
  2968 | D        | Killed a red very ugly thing
  2975 | D        | Killed a stone giant
  2983 | D        | Killed a rakshasa
  3037 | D        | Noticed Frances
  3042 | D        | Noticed Agnes
  3051 | D        | Noticed a soul eater
  3055 | D        | Killed Frances
  3056 | D        | Reached XP level 13. HP: 62/96 MP: 13/13
  3066 | D        | Killed Agnes
  3067 | D        | Reached skill level 15 in Armour
  3364 | D        | Noticed Nessos
  3365 | D        | Noticed Nergalle
  3371 | D        | Killed Nergalle
  3377 | D        | Killed Nessos
  3431 | D        | Noticed an entropy weaver
  3431 | D        | Noticed an entropy weaver
  3431 | D        | Noticed a ghost moth
  3440 | D        | Killed an entropy weaver
  3469 | D        | Killed an entropy weaver
  3494 | D        | Killed a ghost moth
  3810 | D        | Noticed a bunyip
  3810 | D        | Noticed a fenstrider witch
  3810 | D        | Noticed an eleionoma
  3824 | D        | Noticed a bunyip
  3825 | D        | Killed a bunyip
  3828 | D        | Noticed an eleionoma
  3842 | D        | Killed a fenstrider witch
  3848 | D        | Killed an eleionoma
  3853 | D        | Noticed Eustachio
  3865 | D        | Killed a bunyip
  3876 | D        | Killed an eleionoma
  3902 | D        | Killed Eustachio
  3982 | D        | Gained mutation: Your large and strong wings let you fly
                  | indefinitely. [Gargoyle growth]
  3982 | D        | Reached XP level 14. HP: 104/104 MP: 14/14
  4031 | D        | Reached skill level 5 in Stealth
  4432 | D        | Noticed Maurice
  4448 | D        | Killed Maurice
  4524 | D        | Noticed a stone giant
  4533 | D        | Noticed a stone giant
  4549 | D        | Noticed a lich
  4560 | D        | Noticed a fire giant
  4566 | D        | Killed a stone giant
  4984 | D        | Bought the +8 demon blade "Leech" {vamp, *Rage +Rage rN+}
                  | for 2830 gold pieces
  4984 | D        | Found the +8 demon blade "Leech" {vamp, *Rage +Rage rN+}
  5036 | D        | Killed a lich
  5044 | D        | Killed a stone giant
  5181 | D        | Killed a fire giant
  5390 | D        | Noticed a stone giant
  5405 | D        | Killed a stone giant
  5503 | D        | Noticed an ironheart preserver
  5544 | D        | Noticed an ironheart preserver
  5545 | D        | Killed an ironheart preserver
  5546 | D        | Reached XP level 15. HP: 115/115 MP: 15/15
  5602 | D        | Noticed a vault warden
  5648 | D        | Killed a vault warden
  5884 | D        | Got the +0 pair of boots "Ocutuu" {Int+2}
  5962 | D        | Noticed Mennas
  6033 | D        | Killed Mennas
  6034 | D        | Noticed Snorg
  6062 | D        | Killed Snorg
  6323 | D        | Bought the ring of Faallo {rPois rF+ Will++ Dex+3} for 584
                  | gold pieces
  6323 | D        | Bought the cursed necklace of Bloodlust {*Rage +Rage Will++
                  | Int-3 Slay+6 *Curse} for 482 gold pieces
  6323 | D        | Found the cursed necklace of Bloodlust {*Rage +Rage Will++
                  | Int-3 Slay+6 *Curse}
  6323 | D        | Bought the ring "Azxomofa" {rF+ rC++ Will+ EV+4 Str-4} for
                  | 776 gold pieces
  6349 | D        | Noticed Saint Roka
  6378 | D        | Killed Saint Roka
  6665 | D        | Noticed a nagaraja
  6665 | D        | Noticed a nagaraja
  6670 | D        | Noticed a nagaraja
  6677 | D        | Killed a nagaraja
  6682 | D        | Noticed a nagaraja
  6692 | D        | Killed a nagaraja
  6700 | D        | Killed a nagaraja
  6704 | D        | Killed a nagaraja
  6768 | D        | Got a serpentine rune of Zot
  6825 | D        | Noticed an emperor scorpion
  6825 | D        | Noticed a ghost moth
  6825 | D        | Noticed an emperor scorpion
  6842 | D        | Noticed a ghost moth
  6855 | D        | Killed an emperor scorpion
  6859 | D        | Killed a ghost moth
  6861 | D        | Noticed an emperor scorpion
  6873 | D        | Killed an emperor scorpion
  6873 | D        | Noticed an emperor scorpion
  6874 | D        | Reached XP level 16. HP: 56/124 MP: 0/16
  6970 | D        | Got a gossamer rune of Zot
  7281 | D        | Got a decaying rune of Zot
  7313 | D        | Noticed Ilsuiw
  7350 | D        | Killed Ilsuiw
  7378 | D        | Reached skill level 27 in Shields
  7433 | D        | Got a barnacled rune of Zot
  7937 | D        | Reached skill level 10 in Stealth
  7956 | D        | Reached XP level 17. HP: 132/135 MP: 17/17
  8012 | D        | Noticed a quicksilver dragon
  8023 | D        | Reached skill level 1 in Throwing
  8051 | D        | Killed a quicksilver dragon
  8091 | D        | Reached skill level 5 in Throwing
  8285 | D        | Noticed a tentacled monstrosity
  8285 | D        | Noticed a golden dragon
  8285 | D        | Noticed a quicksilver dragon
  8294 | D        | Killed a tentacled monstrosity
  8295 | D        | Reached skill level 27 in Fighting
  8301 | D        | Killed a golden dragon
  8306 | D        | Identified the ring "Biqegyas" {Wiz rC+ SInv}
  8331 | D        | Reached skill level 27 in Maces & Flails
  8331 | D        | Identified the Papyrus of Sinister Lightness
  8340 | D        | Reached skill level 10 in Throwing
  8340 | D        | Identified Dian's Catalogue of Excruciating Snow
  8343 | D        | Killed a quicksilver dragon
  8350 | D        | Got a silver rune of Zot
  8551 | D        | Got the amulet "Iluv" {Spirit +Blink rF++ Str+3 Int-3}
  8553 | D        | Got the ring of Efur {+Inv rElec rC+ rN+ Stlth-}
  8555 | D        | Got the amulet of Ceasuor {Reflect *Corrode Int+7 SH+5}
  8557 | D        | Got the ring "Uqun" {rF- rC+++ rN+++ Dex+3 Slay-2}
  8559 | D        | Got the ring of Umainoji {*Drain EV+3 Str+2 Dex+7 Stlth-}
  8573 | D        | Found the +15 Maxwell's patent armour {-Cast -Tele rElec
                  | Will+ rCorr}
  8597 | D        | Identified a +0 pair of boots of running (You found it in
                  | the Dungeon)
  8666 | D        | Noticed Boris
  8667 | D        | Noticed Sojobo
  8681 | D        | Killed Boris
  8718 | D        | Killed Sojobo
  8906 | D        | Noticed Jory
  8921 | D        | Killed Jory
  8922 | D        | Reached XP level 18. HP: 125/145 MP: 18/18
  9001 | D        | Noticed Nikola
  9013 | D        | Noticed Margery
  9020 | D        | Killed Nikola
  9021 | D        | Reached skill level 15 in Throwing
  9038 | D        | Killed Margery
  9052 | D        | HP: 3/145 [hell knight/+2 glaive of flaming[Margery] (21)]
  9052 | D        | Slain by a hell knight

Illustrated notes

Levels and vault maps discovered:
D:        linesprint [early_d, line_temple, items_1, d_10, items_2, lair_1,
          lair_end, items_3, orc_1, orc_end, items_4, d_15, swamp_1, shoals_1,
          snake_1, spider_1, d_20, vaults_1, items_5, swamp_end, shoals_end,
          snake_end, spider_end, vaults_end, d_27, items_6, zot_1, zot_end,
          crypt_end, forest_end, elf_end, slime_end, tomb_end, abyss_end,
          pan_hell_end]

Skill      XL: |  1  2  3  4  5  6  7  8  9 10 11 12 13 14 15 16 17 18 |
---------------+-------------------------------------------------------+-----
Shields        | 5 7 9 10 11 13 15 18 21 24 27 | 27.0
Fighting       | 5 7 8 9 10 11 13 15 17 18 21 22 25 27 | 27.0
Maces & Flails | 3 6 8 10 11 13 15 17 18 19 21 22 25 27 | 27.0
Armour         | 5 7 8 9 10 11 12 13 14 16 17 18 19 22 23 | 23.6
Dodging        | 2 3 4 5 6 7 8 9 |  9.2
Evocations     | 1 2 3 4 |  4.1
Stealth        | 1 2 4 5 6 10 | 10.7
Throwing       | 14 16 | 16.2

Action                   |  1- 3 |  4- 6 |  7- 9 | 10-12 | 13-15 | 16-18 || total
-------------------------+-------+-------+-------+-------+-------+-------++-------
Melee: Flail             |    43 |    10 |       |       |       |       ||    53
       Morningstar       |       |    19 |    57 |   417 |   794 |   624 ||  1911
Invok: Call Merchant     |       |       |       |       |     2 |       ||     2
       Potion Petition   |       |       |       |       |     1 |     1 ||     2
Evoke: Wand              |       |     2 |     2 |     5 |     1 |       ||    10
  Use: Potion            |       |     1 |       |     2 |     7 |     3 ||    13
       Scroll            |       |       |       |     2 |     1 |       ||     3
 Stab: Distracted        |       |       |       |     3 |     5 |    10 ||    18
Armor: Scale mail        |    32 |     5 |       |       |       |       ||    37
       Chain mail        |       |    22 |    16 |    26 |   146 |       ||   210
       Plate armour      |       |       |     9 |    96 |       |       ||   105
       Gold dragon scale |       |       |       |       |    67 |   152 ||   219
       Skin              |       |       |       |       |       |     1 ||     1
Dodge: Dodged            |    17 |    14 |    19 |   106 |   148 |    59 ||   363
Block: Kite shield       |    23 |    12 |    20 |   194 |   347 |       ||   596
       Reflection        |       |       |       |       |    23 |     3 ||    26
       Tower shield      |       |       |       |       |   244 |   454 ||   698

Table legend: (Time is in decaauts)
 A = Elapsed time spent in this place.
 B = Non-inter-level travel time spent in this place.
 C = Inter-level travel time spent in this place.
 D = Time resting spent in this place.
 E = Time spent auto-exploring this place.
 F = Levels seen in this place.
 G = Mean time per level.
                   A        B        C        D        E       F      G
               +--------+--------+--------+--------+--------+-----+--------+
         Total |   8537 |   8537 |      0 |   3913 |   1164 |   1 | 8537.0 |
       Dungeon |   8537 |   8537 |      0 |   3913 |   1164 |   1 | 8537.0 |
               +--------+--------+--------+--------+--------+-----+--------+

Top non-repeatable levels by time:
       D: 8537 daAuts
